 Dungeon Crawl Stone Soup version 0.21.0-22-g11d5b52 (webtiles) character file.

7035 nikopol the Cleaver (level 10, -7/138 HPs)
             Began as a Minotaur Berserker on Jan 18, 2018.
             Was an Elder of Trog.
             Mangled by a molten gargoyle
             ... wielding a +1 mace of draining
              (9 damage)
             ... on level 10 of the Dungeon.
             The game lasted 00:20:33 (9075 turns).

nikopol the Cleaver (Minotaur Berserker)            Turns: 9075, Time: 00:20:34

Health: -7/138     AC:  9    Str: 27    XL:     10   Next: 83%
Magic:  9/9        EV: 13    Int:  2    God:    Trog [****..]
Gold:   654        SH:  0    Dex: 13    Spells: 9/9 levels left

rFire    . . .     SeeInvis +   a - +0 hand axe (chop)
rCold    + + .     Gourm    .   (no shield)
rNeg     . . .     Faith    .   B - +0 ring mail "Aleengir" {rPois rC++ Int-2 SInv} (curse)
rPois    +         Spirit   .   (helmet restricted)
rElec    .         Reflect  .   (no cloak)
rCorr    .         Harm     .   (no gloves)
MR       .....                  J - +1 pair of boots
Stlth    ..........             (no amulet)
HPRegen  0.33/turn              (no ring)
MPRegen  0.11/turn              (no ring)

@: berserking, very quick
A: retaliatory headbutt, horns 2
a: Berserk, Trog's Hand, Brothers in Arms, Burn Spellbooks, Renounce Religion


You were on level 10 of the Dungeon.
You worshipped Trog.
Trog was greatly pleased with you.
You were near starving.

You visited 1 branch of the dungeon, and saw 10 of its levels.
You also visited: Sewer.

You collected 654 gold pieces.

Inventory:

Hand Weapons
 a - a +0 hand axe of chopping (weapon)
 q - a +0 war axe
 z - a +1 shortbow
 E - a +0 hand axe
Missiles
 v - 72 arrows
Armour
 b - a +0 animal skin
 e - a +0 ring mail
 g - a +3 chain mail
 h - a +1 pair of boots
 B - the cursed +0 ring mail "Aleengir" (worn) {rPois rC++ Int-2 SInv}
   (You found it on level 7 of the Dungeon)

   It affects your intelligence (-2).
   It greatly protects you from cold.
   It protects you from poison.
   It lets you see invisible.
   It has a curse placed upon it.
 J - a +1 pair of boots (worn)
Jewellery
 f - an uncursed ring of protection from cold {unknown}
 u - an uncursed ring of resist corrosion {unknown}
 y - an uncursed ring of poison resistance {unknown}
 A - a cursed -2 ring of intelligence {unknown}
 F - an uncursed ring of protection from cold {unknown}
Wands
 p - a wand of enslavement (12)
 H - a wand of iceblast (7)
Scrolls
 l - 9 scrolls of identify
 o - 4 scrolls of remove curse
 s - 2 scrolls of teleportation
 C - 2 scrolls of fear {unknown}
 D - a scroll of vulnerability {unknown}
Potions
 d - 3 potions of berserk rage
 i - a potion of lignification {unknown}
 j - 4 potions of curing {unknown}
 k - a potion of mutation {unknown}
 m - 2 potions of cancellation {unknown}
 n - a potion of magic {unknown}
 r - a potion of degeneration {unknown}
 t - a potion of haste {unknown}
 w - 3 potions of flight {unknown}
 x - 4 potions of heal wounds {unknown}
 G - a potion of might {unknown}
Comestibles
 c - 20 rations


   Skills:
 + Level 9.7 Fighting
 + Level 11.4 Axes
 + Level 9.0 Bows
 + Level 8.6 Armour
 + Level 4.9 Dodging
 + Level 2.0 Stealth


You had 9 spell levels left.
You didn't know any spells.

Dungeon Overview and Level Annotations

Branches:
Dungeon (10/15)            Temple (0/1) D:4
   Lair: D:8-11         Orc: D:9-12

Altars:
Ashenzari
Elyvilon
Fedhas
Gozag
Hepliaklqana
Kikubaaqudgha
Ru
Trog
Uskayaw
Wu Jian
Yredelemnul
Zin
The Shining One

Shops:
D:4 }


Innate Abilities, Weirdness & Mutations

You reflexively headbutt those who attack you in melee.
You have a pair of horns on your head.


Message History

You slash the molten gargoyle!
The molten gargoyle is severely damaged.
You completely miss the molten gargoyle.
The molten gargoyle blasts magma at you!
The bolt of magma hits you!
* * * LOW HITPOINT WARNING * * *
A red film seems to cover your vision as you go berserk!
You feel yourself moving faster!
You feel mighty!
You are near starving!
The molten gargoyle blasts magma at you!
The bolt of magma hits you!
* * * LOW HITPOINT WARNING * * *
The molten gargoyle misses you.
You slash the molten gargoyle! You headbutt the molten gargoyle.
The molten gargoyle is heavily damaged.
You hit the molten gargoyle.
The molten gargoyle hits you with a mace of draining!
* * * LOW HITPOINT WARNING * * *
You are engulfed in flames!
You die...

...#..≈≈≈≈≈§§#.
....#.§§§≈≈§§.#
..#.§≈≈88≈§§#. .
..#.§S88≈§≈§# #.
##.≈≈≈§§§§.#.
###.###.#(§§§§§§..#
.......#...99§§§.#
........#.#@#
.......#)#.#.#
...........#...
...........#o....
...........#.......
.#######..##.......
#####+####.##..#
#+###..
...............# ..
...............#


You could see 2 molten gargoyles, a lava snake and an orc.

Vanquished Creatures
  2 two-headed ogres (D:8)
  Pikel (D:9)
  A molten gargoyle (D:10)
  Prince Ribbit (D:8)
  A hippogriff (D:7)
  6 yaks
  A hog (D:9)
  A human (D:9)
  A hungry ghost (D:7)
  An ice beast (D:6)
  3 orc warriors
  A phantom (D:6)
  4 sky beasts
  2 ogres
  3 centaurs
  Blork the orc (D:5)
  3 big kobolds
  4 bullfrogs
  A water moccasin zombie (D:9)
  2 scorpions
  A killer bee (D:5)
  6 howler monkeys
  2 centaur zombies
  5 crimson imps
  A quasit (D:7)
  4 orc priests
  A jelly (D:7)
  5 hounds
  A centaur skeleton (D:8)
  A bullfrog skeleton (D:4)
  2 iguanas
  5 orc wizards
  4 worker ants
  A howler monkey zombie (D:6)
  A worker ant zombie (D:7)
  8 gnolls
  6 adders
  2 shadow imps
  2 oozes
  An adder skeleton (D:7)
  5 worms
  2 dart slugs
  5 leopard geckos
  21 orcs
  2 ball pythons (D:3)
  3 giant cockroaches
  7 goblins
  A hobgoblin (D:2)
  8 jackals
  15 kobolds
  2 quokkas
  2 bats (D:1)
  3 frilled lizards
  A jackal skeleton (D:6)
  A jackal zombie (D:6)
  A quokka skeleton (D:8)
  8 rats
186 creatures vanquished.

Notes
Turn   | Place    | Note
-------+----------+-------------------------------------------
     0 | D:1      | nikopol the Minotaur Berserker began the quest for the Orb.
     0 | D:1      | Reached XP level 1. HP: 19/19 MP: 0/0
   142 | D:1      | Reached XP level 2. HP: 23/27 MP: 1/1
   188 | D:1      | Reached skill level 4 in Axes
   721 | D:2      | Reached XP level 3. HP: 33/33 MP: 2/2
  1583 | D:3      | Reached XP level 4. HP: 29/41 MP: 3/3
  1717 | D:3      | Reached skill level 5 in Axes
  1869 | D:3      | Reached ** piety under Trog
  2471 | D:4      | Reached skill level 5 in Fighting
  2471 | D:4      | Reached XP level 5. HP: 43/48 MP: 4/4
  2523 | D:4      | Found a staircase to the Ecumenical Temple.
  2796 | D:4      | Found Suskiphe's Gadget Shop.
  2932 | D:4      | Reached skill level 6 in Axes
  2934 | D:4      | Reached XP level 6. HP: 46/56 MP: 5/5
  3246 | D:5      | Entered Level 5 of the Dungeon
  3261 | D:5      | Noticed a sky beast
  3270 | D:5      | Killed a sky beast
  3335 | D:5      | Reached skill level 5 in Armour
  3352 | D:5      | Reached skill level 7 in Axes
  3352 | D:5      | Reached XP level 7. HP: 5/61 MP: 6/6
  4022 | D:5      | Noticed Blork the orc
  4032 | D:5      | Killed Blork the orc
  4032 | D:5      | Reached skill level 1 in Bows
  4170 | D:5      | Found an ancient bone altar of Kikubaaqudgha.
  4224 | D:5      | Found a white marble altar of Elyvilon.
  4224 | D:5      | Found a glowing silver altar of Zin.
  4224 | D:5      | Found a glowing golden altar of the Shining One.
  4278 | D:5      | Found an ancient bone altar of Kikubaaqudgha.
  4326 | D:5      | Found a bloodstained altar of Trog.
  4327 | D:5      | Reached *** piety under Trog
  4443 | D:6      | Reached skill level 1 in Stealth
  4456 | D:6      | Reached XP level 8. HP: 13/70 MP: 7/7
  4518 | D:6      | Reached skill level 8 in Axes
  4849 | D:6      | Found a glowing drain.
  4858 | Sewer    | Entered a sewer
  5034 | Sewer    | Found a white marble altar of Elyvilon.
  5606 | D:6      | Reached skill level 5 in Bows
  5606 | D:6      | Reached XP level 9. HP: 79/79 MP: 8/8
  5814 | D:7      | Got a distressingly furry ring mail
  5825 | D:7      | Identified the cursed +0 ring mail "Aleengir" {rPois rC++ Int-2 SInv} (You found it on level 7 of the Dungeon)
  5896 | D:7      | Reached skill level 9 in Axes
  6029 | D:7      | Found a hide-covered altar of Uskayaw.
  6032 | D:7      | Found a blossoming altar of Fedhas.
  6035 | D:7      | Found a basalt altar of Yredelemnul.
  6154 | D:7      | Reached **** piety under Trog
  6531 | D:7      | Received a gift from Trog
  7198 | D:8      | Reached skill level 10 in Axes
  7210 | D:8      | Noticed a two-headed ogre
  7224 | D:8      | Killed a two-headed ogre
  7224 | D:8      | Reached XP level 10. HP: 75/90 MP: 9/9
  7439 | D:8      | Noticed a two-headed ogre
  7440 | D:8      | Noticed Prince Ribbit
  7447 | D:8      | Killed Prince Ribbit
  7451 | D:8      | Killed a two-headed ogre
  7468 | D:8      | Found a sacrificial altar of Ru.
  7470 | D:8      | Found an opulent altar of Gozag.
  7472 | D:8      | Found an ornate altar of the Wu Jian Council.
  7474 | D:8      | Found a shattered altar of Ashenzari.
  7860 | D:9      | Found a hazy altar of Hepliaklqana.
  8215 | D:9      | Reached skill level 11 in Axes
  8224 | D:9      | Received a gift from Trog
  8697 | D:9      | Noticed Pikel
  8707 | D:9      | Killed Pikel
  8837 | D:10     | Entered Level 10 of the Dungeon
  8850 | D:10     | Noticed a molten gargoyle
  8869 | D:10     | Killed a molten gargoyle
  9063 | D:10     | Noticed a molten gargoyle
  9066 | D:10     | Noticed a molten gargoyle
  9075 | D:10     | HP: 2/138 [molten gargoyle/mace of draining (7)]
  9075 | D:10     | Mangled by a molten gargoyle

Skill      XL: |  1  2  3  4  5  6  7  8  9 10 |
---------------+-------------------------------+-----
Axes           | 4 5 6 7 8 10 11 | 11.4
Fighting       | 4 5 6 7 8 9 |  9.7
Armour         | 3 4 5 6 7 8 |  8.6
Bows           | 2 5 7 9 |  9.0
Stealth        | 1 2 |  2.0
Dodging        | 3 4 |  4.9

Action                   |  1- 3 |  4- 6 |  7- 9 | 10-12 || total
-------------------------+-------+-------+-------+-------++-------
Melee: Hand axe          |    55 |   129 |   261 |    62 ||   507
       Headbutt          |     5 |    24 |    69 |    22 ||   120
 Fire: Shortbow          |       |       |   138 |    66 ||   204
Invok: Berserk           |       |     2 |     7 |     4 ||    13
       Trog's Hand       |       |       |     2 |       ||     2
       Burn Spellbooks   |       |       |     1 |       ||     1
  Use: Scroll            |       |       |     7 |       ||     7
  Eat: Chunk             |     1 |     8 |    17 |     5 ||    31
       Ration            |       |       |     1 |     1 ||     2
Armor: Animal skin       |     3 |       |       |       ||     3
       Chain mail        |    20 |    76 |   106 |       ||   202
       Ring mail         |     1 |       |    38 |     9 ||    48
Dodge: Dodged            |    29 |    64 |   130 |    30 ||   253
